 Dungeon Crawl Stone Soup version 0.27-a0-550-ge92ec0ca06 (webtiles) character file.

Game seed: 14923174654713095800

3228 rednaxela the Nimble (level 9, -17/45 HPs)
             Began as a Deep Elf Conjurer on Mar 8, 2021.
             Was an Elder of Vehumet.
             Killed from afar by Erica (30 damage)
             ... with a bolt of poison
             ... on level 8 of the Dungeon.
             The game lasted 00:26:10 (8685 turns).

rednaxela the Nimble (Deep Elf Conjurer)            Turns: 8685, Time: 00:26:11

Health: -17/45     AC:  5    Str:  4    XL:     9   Next: 66%
Magic:  9/24       EV: 15    Int: 27    God:    Vehumet [****..]
Gold:   469        SH:  0    Dex: 13    Spells: 14/26 levels left

rFire    + . .     SeeInvis .   c - +0 short sword
rCold    + . .     Faith    +   (no shield)
rNeg     . . .     Spirit   .   o - +0 leather armour {rC+}
rPois    .         Reflect  .   (no helmet)
rElec    .         Harm     .   C - +0 cloak
rCorr    .         Rampage  .   (no gloves)
Will     .....                  s - +0 pair of boots
Stlth    +.........             x - amulet of faith
HPRegen  0.15/turn              A - ring of protection from fire
MPRegen  0.19/turn              (no ring)

@: confused, lethally poisoned (-17 -> -37), slowed, very slow
A: no striking features
a: Renounce Religion


You were on level 8 of the Dungeon.
You worshipped Vehumet.
Vehumet was greatly pleased with you.
You visited 1 branch of the dungeon, and saw 10 of its levels.
You also visited: Sewer.

You collected 469 gold pieces.

Inventory:

Hand Weapons
 c - a +0 short sword (weapon)
   (You found it on level 1 of the Dungeon)
Missiles
 g - 30 poisoned darts
Armour
 a - a +0 robe
 o - a +0 leather armour of cold resistance (worn)
   (You found it on level 2 of the Dungeon)
 s - a +0 pair of boots (worn)
   (You found it on level 5 of the Dungeon)
 C - a +0 cloak (worn)
   (You found it on level 6 of the Dungeon)
Jewellery
 x - an amulet of faith (around neck)
   (You found it on level 5 of the Dungeon)
 A - a ring of protection from fire (left hand)
   (You found it on level 6 of the Dungeon)
 E - a ring of flight
   (You found it on level 6 of the Dungeon)
Wands
 F - a wand of mindburst (15)
   (You found it on level 7 of the Dungeon)
Scrolls
 f - 5 scrolls of teleportation {@r3 !r}
 h - 3 scrolls of amnesia
 p - 4 scrolls of fog {!r}
 t - a scroll of holy word {unknown}
 u - 2 scrolls of blinking {@r4}
 v - 3 scrolls of enchant weapon {unknown}
 y - a scroll of enchant armour {unknown}
 z - 3 scrolls of magic mapping {@r5 !r}
 B - 2 scrolls of fear {unknown}
Potions
 b - 3 potions of flight {unknown}
 d - a potion of magic {unknown}
 e - 2 potions of mutation {unknown}
 i - 2 potions of berserk rage {unknown}
 j - 4 potions of curing {unknown}
 k - 2 potions of brilliance {unknown}
 l - 2 potions of resistance {unknown}
 m - a potion of lignification {unknown}
 n - 6 potions of might {unknown}
 q - 2 potions of heal wounds {unknown}
 r - a potion of invisibility {unknown}
 w - 4 potions of attraction {unknown}
 D - a potion of cancellation {unknown}
 G - a potion of degeneration {unknown}


   Skills:
 + Level 10.2 Dodging
 - Level 2.4 Stealth
 - Level 9.4 Spellcasting
 - Level 8.7 Conjurations
 + Level 5.1 Poison Magic


You had 14 spell levels left.
You knew the following spells:

 Your Spells              Type           Power      Damage    Failure   Level
a - Magic Dart            Conj           100%       1d8       1%          1
b - Searing Ray           Conj           100%       3d7       1%          2
c - Poisonous Vapours     Pois/Air       52%        N/A       4%          2
m - Mephitic Cloud        Conj/Pois/Air  37%        N/A       1%          3
z - Olgreb's Toxic Radia  Pois           40%        N/A       2%          4

Your spell library contained the following spells:

 Spells                   Type           Power      Damage    Failure   Level
 Inner Flame              Hex/Fire       12%        N/A       7%          3
 Conjure Flame            Conj/Fire      36%        6-21      1%          3
 Dazzling Flash           Conj/Hex       72%        N/A       1%          3
 Fulminant Prism          Conj/Hex       18%        3d11      4%          4
 Iskenderun's Mystic Bla  Conj/Tloc      36%        2d9       4%          4
 Freezing Cloud           Conj/Ice/Air   14%        6-21      65%         6


Dungeon Overview and Level Annotations

Branches:
Dungeon (10/15)            Temple (0/1) D:5           Sewer (visited)
   Lair: D:8-11         Orc: D:9-12

Altars:
Cheibriados
Fedhas
Gozag
Kikubaaqudgha
Nemelex Xobeh
Sif Muna
Vehumet
Yredelemnul
Zin
The Shining One

Shops:
D:5 *   D:6 *

Annotations:
D:8 Erica


Message History

Found a blossoming altar of Fedhas.
You see here a +0 robe.
Done exploring.
Done exploring.
Done exploring.
There is a stone staircase leading down here.
You climb downwards.
A bullfrog comes into view.
There is a stone staircase leading up here.
Casting: Searing Ray (safe; 1% risk of failure)
Confirm with . or Enter, or press ? or * to list all spells.
Aiming: Searing Ray (safe; 1% risk of failure)
Press: ? - help, Shift-Dir - straight line, f - bullfrog
Aim: a bullfrog (asleep, 0% to evade)
The searing ray hits the bullfrog!
The bullfrog is moderately wounded.
The bullfrog croaks. (Press . to maintain the ray.)
The searing ray hits the bullfrog!
You kill the bullfrog!
You feel your power returning.
Magic restored.
Erica the Fiery-Tempered comes into view.
She is wielding a +3 scimitar of flaming.
Marking area around Erica as unsafe for travelling.
Casting: Searing Ray (safe; 1% risk of failure)
Confirm with . or Enter, or press ? or * to list all spells.
You begin to radiate toxic energy.
Erica shouts!
Erica is poisoned.
Casting: Olgreb's Toxic Radiance (dangerous; 2% risk of failure)
Confirm with . or Enter, or press ? or * to list all spells.
Aiming: Poisonous Vapours (safe; 4% risk of failure)
Press: ? - help, Dir - move target, f - Erica
Aim: Erica, wielding a +3 scimitar of flaming and wearing a +0 robe (lightly wounded, poisoned) Poisonous vapours surround Erica!
Your toxic aura wanes.
Casting: Poisonous Vapours (safe; 4% risk of failure)
Confirm with . or Enter, or press ? or * to list all spells.
Aiming: Poisonous Vapours (safe; 4% risk of failure)
Press: ? - help, Dir - move target, f/p - Erica
Aim: Erica, wielding a +3 scimitar of flaming and wearing a +0 robe (poison gas, lightly wounded, poisoned)
The poisonous vapours increase!
Erica is engulfed in poison gas.
Erica looks even sicker.
An adder comes into view.
Casting: Poisonous Vapours (safe; 4% risk of failure)
Confirm with . or Enter, or press ? or * to list all spells.
Aiming: Poisonous Vapours (safe; 4% risk of failure)
Press: ? - help, Dir - move target, f/p - Erica
Aim: Erica, wielding a +3 scimitar of flaming and wearing a +0 robe (moderately wounded, very poisoned) Poisonous vapours surround Erica!
The adder hisses angrily.
Erica is engulfed in poison gas.
Erica looks even sicker.
Casting: Poisonous Vapours (safe; 4% risk of failure)
Confirm with . or Enter, or press ? or * to list all spells.
Aiming: Poisonous Vapours (safe; 4% risk of failure)
Press: ? - help, Dir - move target, f/p - Erica
Aim: Erica, wielding a +3 scimitar of flaming and wearing a +0 robe (moderately wounded, very poisoned) Poisonous vapours surround Erica!
Erica looks as sick as possible!
Casting: Poisonous Vapours (safe; 4% risk of failure)
Confirm with . or Enter, or press ? or * to list all spells.
Aiming: Poisonous Vapours (safe; 4% risk of failure)
Press: ? - help, Dir - move target, f/p - Erica
Aim: Erica, wielding a +3 scimitar of flaming and wearing a +0 robe (moderately wounded, extremely poisoned) Poisonous vapours surround Erica!
Erica is engulfed in poison gas.
Erica looks as sick as possible!
Erica points at you and mumbles some strange words.
The bolt of poison hits you!!
You are poisoned.
* * * LOW HITPOINT WARNING * * *
You feel sick.
You feel sick.
You feel sick.
You feel sick.
Casting: Poisonous Vapours (safe; 4% risk of failure)
Confirm with . or Enter, or press ? or * to list all spells.
You begin to radiate toxic energy.
Erica looks as sick as possible!
The adder is poisoned.
You feel sick. Erica casts a spell at you.
You feel yourself slow down.
Your toxic aura wanes.
You feel sick.
Erica screams, "Hurry, death AWAITS you!"
Erica points at you and mumbles some strange words.
You are confused.
Unknown command.
Okay, then.
You're too confused to cast spells.
You're too confused to cast spells.
Unknown command.
You feel sick.
Erica casts a spell at herself.
Erica flickers and vanishes!
Deactivating autopickup; reactivate with Ctrl-A.
You bump into the rock wall.
You feel sick.
The adder looks more healthy.
The adder barely misses you.
You hear some strange, mumbled words.
A bolt of poison appears from out of thin air!
The bolt of poison misses the adder.
The bolt of poison hits you!!
You are lethally poisoned!
Ouch! That really hurt!
You die...

.#...?..####..#.......
........## ##.#.......
.........### ..##.....
...........##.## #
...........#...## .#
#.#.......{.....#..# #
#......##.......#
#.......##S..#...
##...#.##.@.## #
##..#..<..##
##.......# #....#.##
#....#.. #.......#
###....## ###.## ##


You could see an adder.

Vanquished Creatures
  Prince Ribbit (D:5)
  Sigmund (D:2)
  Menkaure (D:5)
  Duvessa (D:4)
  A water moccasin (D:5)
  A sky beast (D:8)
  An ice beast (D:5)
  2 black bears
  A centaur (D:7)
  A phantom (D:4)
  9 bullfrogs
  4 scorpions
  Dowan (D:4)
  4 killer bees (D:10)
  A jelly (D:5)
  7 hounds
  A centaur skeleton (D:4)
  2 orc priests
  2 human zombies (D:7)
  4 iguanas
  2 orc wizards (D:6)
  7 worker ants
  A hound zombie (D:5)
  A hound skeleton (D:6)
  A gnoll (D:1)
  14 adders
  7 river rats (Sewer)
  3 white imps
  An ooze (Sewer)
  An adder skeleton (D:7)
  2 worms
  3 dart slugs
  2 leopard geckos
  7 orcs
  13 ball pythons
  3 giant cockroaches
  3 goblins
  3 hobgoblins
  7 jackals
  5 kobolds
  3 bats
  10 frilled lizards
  A giant cockroach zombie (D:5)
  A jackal zombie (D:7)
  A leopard gecko skeleton (D:6)
  25 rats
173 creatures vanquished.

Vanquished Creatures (others)
  A plant (D:7)
1 creature vanquished.

Grand Total: 174 creatures vanquished

Notes
Turn   | Place    | Note
-------+----------+-------------------------------------------
     0 | D:1      | rednaxela the Deep Elf Conjurer began the quest for the
                  | Orb.
     0 | D:1      | Reached XP level 1. HP: 10/10 MP: 6/6
   442 | D:1      | Reached XP level 2. HP: 15/15 MP: 5/8
   528 | D:1      | Learned a level 2 spell: Searing Ray
   660 | D:1      | Reached skill level 3 in Dodging
  1019 | D:1      | Reached XP level 3. HP: 19/19 MP: 5/10
  1370 | D:2      | Reached skill level 4 in Spellcasting
  1688 | D:2      | Found a basalt altar of Yredelemnul.
  1688 | D:2      | Found a radiant altar of Vehumet.
  1878 | D:2      | Became a worshipper of Vehumet
  1947 | D:2      | Reached skill level 5 in Conjurations
  2088 | D:2      | Noticed Sigmund
  2100 | D:2      | Killed Sigmund
  2101 | D:2      | Reached skill level 4 in Dodging
  2101 | D:2      | Reached skill level 5 in Spellcasting
  2101 | D:2      | Reached XP level 4. HP: 12/24 MP: 5/13
  2101 | D:2      | Reached XP level 5. HP: 14/28 MP: 5/14
  3388 | D:4      | Noticed a phantom
  3595 | D:4      | Reached XP level 6. HP: 30/32 MP: 9/16
  3609 | D:4      | Reached skill level 5 in Dodging
  3609 | D:4      | Reached skill level 6 in Conjurations
  3799 | D:4      | Reached skill level 6 in Spellcasting
  3869 | D:4      | Noticed Duvessa
  3869 | D:4      | Noticed Dowan
  3909 | D:4      | Killed Duvessa
  3910 | D:4      | Reached XP level 7. HP: 32/36 MP: 9/18
  4063 | D:4      | Killed Dowan
  4392 | D:4      | Reached skill level 6 in Dodging
  4501 | D:5      | Entered Level 5 of the Dungeon
  4501 | D:5      | Found Gozag's Platinum Reserve.
  4639 | D:5      | Noticed Menkaure
  4642 | D:5      | Killed Menkaure
  4643 | D:5      | Reached skill level 7 in Spellcasting
  4643 | D:5      | Reached skill level 7 in Conjurations
  5008 | D:5      | Reached * piety under Vehumet
  5008 | D:5      | Offered knowledge of Freeze by Vehumet.
  5009 | D:5      | Reached skill level 7 in Dodging
  5009 | D:5      | Reached XP level 8. HP: 32/41 MP: 14/21
  5189 | D:5      | Noticed Prince Ribbit
  5215 | D:5      | Killed Prince Ribbit
  5216 | D:5      | Reached skill level 8 in Spellcasting
  5396 | D:5      | Found an opulent altar of Gozag.
  5468 | D:5      | Found a staircase to the Ecumenical Temple.
  5662 | D:5      | Reached skill level 8 in Conjurations
  5966 | D:6      | Found a snail-covered altar of Cheibriados.
  6015 | D:6      | Found an ancient bone altar of Kikubaaqudgha.
  6032 | D:6      | Reached skill level 8 in Dodging
  6109 | D:6      | Learned a level 3 spell: Mephitic Cloud
  6112 | D:6      | Learned a level 2 spell: Poisonous Vapours
  6123 | D:6      | Found a glowing golden altar of the Shining One.
  6186 | D:6      | Found Zin's Purification Station.
  6188 | D:6      | Found a glowing silver altar of Zin.
  6195 | D:6      | Found a glowing drain.
  6200 | D:6      | Reached skill level 9 in Spellcasting
  6204 | Sewer    | Entered a sewer
  6452 | Sewer    | Reached ** piety under Vehumet
  6452 | Sewer    | Offered knowledge of Foxfire by Vehumet.
  6711 | Sewer    | Offered knowledge of Stone Arrow by Vehumet.
  6830 | Sewer    | Reached *** piety under Vehumet
  6836 | Sewer    | Reached XP level 9. HP: 37/45 MP: 16/24
  7281 | D:6      | Found an opulent altar of Gozag.
  7282 | D:6      | Found a sparkling altar of Nemelex Xobeh.
  7430 | D:6      | Reached skill level 1 in Poison Magic
  7647 | D:7      | Offered knowledge of Olgreb's Toxic Radiance by Vehumet.
  7653 | D:7      | Learned a level 4 spell: Olgreb's Toxic Radiance
  7661 | D:7      | Reached skill level 2 in Poison Magic
  7779 | D:7      | Reached skill level 9 in Dodging
  7915 | D:7      | Reached skill level 3 in Poison Magic
  8171 | D:7      | Found a sand-covered staircase.
  8171 | D:7      | You fall into a shaft and drop 3 floors!
  8171 | D:10     | Entered Level 10 of the Dungeon
  8175 | D:10     | Reached **** piety under Vehumet
  8180 | D:10     | Offered knowledge of Inner Flame by Vehumet.
  8181 | D:10     | Reached skill level 4 in Poison Magic
  8357 | D:8      | Reached skill level 10 in Dodging
  8392 | D:8      | Found a shimmering blue altar of Sif Muna.
  8457 | D:7      | Reached skill level 5 in Poison Magic
  8558 | D:7      | Found a blossoming altar of Fedhas.
  8671 | D:8      | Noticed Erica
  8685 | D:8      | Killed from afar by Erica

Illustrated notes

Levels and vault maps discovered:
D:1:      lemuel_arrival_hallway, layout_basic
D:2:      layout_basic, gammafunk_temple_overflow_statue, minivault_11,
          minmay_diced_spiral, uniq_sigmund
D:3:      layout_basic, hangedman_abyss_or_decor_stabs
D:4:      lemuel_upstairs_altar, layout_loops_ring, uniq_duvessa
D:5:      layout_loops_ring, minmay_temple_entry_from_below_a,
          nicolae_gozag_zags_fifth_avenue, uniq_prince_ribbit1, uniq_menkaure
D:6:      layout_cave_pools, grunt_temple_overflow_opulence,
          kennysheep_slug_shrine, nicolae_kikubaaqudgha_miasma_corner,
          zin_purify, portal_sewer_entry_d, tso_metal_star
D:7:      layout_cave_pools, enter_ossuary_3, fedhas_altar_1
D:8:      layout_cave_pools, overflow_temple_1_default, dpeg_oklobed_lair,
          grunt_decor_cap, uniq_erica
D:9:      layout_basic, uniq_psyche
D:10:     layout_gridville, minmay_shattered_shrine, uniq_sonja

Skill      XL: |  1  2  3  4  5  6  7  8  9 |
---------------+----------------------------+-----
Dodging        | 3 4 5 7 8 10 | 10.2
Spellcasting   | 5 6 7 9 |  9.4
Conjurations   | 5 6 7 8 |  8.7
Poison Magic   | 5 |  5.1
Stealth        | |  2.4

Action                   |  1- 3 |  4- 6 |  7- 9 || total
-------------------------+-------+-------+-------++-------
Melee: Short sword       |       |       |     7 ||     7
 Cast: Magic Dart        |    49 |    20 |   156 ||   225
       Searing Ray       |    13 |     9 |    71 ||    93
       Poisonous Vapours |       |       |    23 ||    23
       Olgreb's Toxic Ra |       |       |     4 ||     4
  Use: Scroll            |       |       |     7 ||     7
Armor: Leather armour    |       |       |    24 ||    24
Dodge: Dodged            |     6 |     4 |    47 ||    57

Table legend: (Time is in decaauts)
 A = Elapsed time spent in this place.
 B = Non-inter-level travel time spent in this place.
 C = Inter-level travel time spent in this place.
 D = Time resting spent in this place.
 E = Time spent auto-exploring this place.
 F = Levels seen in this place.
 G = Mean time per level.
                   A        B        C        D        E       F      G
               +--------+--------+--------+--------+--------+-----+--------+
         Total |   8752 |   8305 |    447 |   1236 |   5606 |  11 |  795.6 |
       Dungeon |   7783 |   7336 |    447 |    674 |   5570 |  10 |  778.3 |
         Sewer |    969 |    969 |      0 |    562 |     35 |   1 |  969.0 |
               +--------+--------+--------+--------+--------+-----+--------+

Top non-repeatable levels by time:
     D:5: 1344 daAuts
     D:1: 1203 daAuts
     D:2: 1191 daAuts
     D:3: 1139 daAuts
   Sewer: 969 daAuts
     D:4: 966 daAuts
     D:6: 886 daAuts
     D:7: 738 daAuts
     D:8: 173 daAuts
    D:10: 117 daAuts
     D:9: 21 daAuts
